 Dungeon Crawl Stone Soup version 0.19-a0-1064-geb5102e (webtiles) character file.

193 Aksej the Slasher (level 5, -7/33 HPs)
             Began as a Tengu Berserker on July 15, 2016.
             Was a Believer of Trog.
             Mangled by Menkaure (21 damage)
             ... on level 4 of the Dungeon on Aug 3, 2016.
             The game lasted 00:10:09 (2461 turns).

Aksej the Slasher (Tengu Berserker)                 Turns: 2461, Time: 00:10:10

Health: -7/33      AC:  5    Str: 17      XL:     5   Next: 72%
Magic:  6/6        EV: 13    Int:  6 (7)  God:    Trog [**....]
Gold:   229        SH:  0    Dex: 14 (15) Spells: 0 memorised, 4 levels left

rFire  . . .     SeeInvis .     a - +1 falchion
rCold  . . .     Gourm    .     b - +0 leather armour
rNeg   . . .     Faith    .     (no shield)
rPois  .         Spirit   .     (helmet restricted)
rElec  .         Dismiss  .     m - +1 cloak
rCorr  .         Reflect  .     (no gloves)
SustAt .         Harm     .     (boots unavailable)
MR     ++...                    (no amulet)
Stlth  +.........               (no ring)
                                (no ring)

@: regenerating
A: beak, talons 3, able to fly 1
a: Fly, Berserk, Trog's Hand, Burn Spellbooks, Renounce Religion


You were on level 4 of the Dungeon.
You worshipped Trog.
Trog was pleased with you.
You were not hungry.

You visited 1 branch of the dungeon, and saw 4 of its levels.

You collected 229 gold pieces.

Inventory:

Hand Weapons
 a - a +1 falchion (weapon)
Missiles
 g - 22 arrows
Armour
 b - a +0 leather armour (worn)
 m - a +1 cloak (worn)
Scrolls
 i - a scroll of remove curse
 j - a scroll of fear
Potions
 e - 2 potions of curing
Comestibles
 c - 4 bread rations
 d - 3 beef jerkies
 f - a slice of pizza


   Skills:
 + Level 4.0 Fighting
 + Level 4.9 Long Blades
 + Level 2.9 Armour
 + Level 3.4 Dodging
 + Level 0.9 Stealth


You had 4 spell levels left.
You didn't know any spells.

Dungeon Overview and Level Annotations

Branches:
Dungeon (4/15)             Temple (0/1) D:4

Altars:
Nemelex Xobeh
Okawaru
Ru

Annotations:
D:4 Menkaure


Innate Abilities, Weirdness & Mutations

You have a beak for a mouth.
You have claws for feet.
You can fly.


Message History

The orc wizard casts a spell.
The orc wizard blinks!
You slash Menkaure! Your kick misses Menkaure.
Menkaure is moderately damaged.
Menkaure misses you.
You hit Menkaure. You peck Menkaure.
Menkaure is heavily damaged.
You hit Menkaure. You peck Menkaure.
Menkaure is almost destroyed.
Menkaure hits you but does no damage.
You barely miss Menkaure. Your kick misses Menkaure.
Menkaure is almost destroyed.
Menkaure barely misses you.
You riposte.
You hit Menkaure but do no damage. You claw Menkaure, but do no damage.
Menkaure is almost destroyed.
You barely miss Menkaure.
Menkaure is almost destroyed.
Menkaure hits you!!
Ouch! That really hurt!
You die...

### #.. ... #.#
#.# #o#
#M#########
#####@#...)....
#.......#####
#.......#...#
#.......#.#.#
#.......#.#.#
....####.#.#.#
..... ###'#.#.#
..... #.....#.#
.. +.....#.#


You could see Menkaure and an orc wizard.

Vanquished Creatures
  Jessica (D:2)
  2 orc wizards (D:4)
  5 adders
  An ooze (D:3)
  2 worms (D:2)
  3 dart slugs
  3 giant geckos
  3 orcs
  4 bats
  5 giant cockroaches
  5 goblins
  4 hobgoblins
  5 kobolds
  2 quokkas (D:2)
  A ball python (D:2)
  4 giant newts
  4 rats
54 creatures vanquished.

Notes
Turn   | Place    | Note
-------+----------+-------------------------------------------
     0 | D:1      | Aksej the Tengu Berserker began the quest for the Orb.
     0 | D:1      | Reached XP level 1. HP: 14/14 MP: 2/2
   127 | D:1      | Reached XP level 2. HP: 19/19 MP: 3/3
   700 | D:1      | Upgraded the game from 0.19-a0-994-g3c636f0 to 0.19-a0-1064-geb5102e
   737 | D:2      | Reached XP level 3. HP: 23/23 MP: 4/4
   749 | D:2      | Noticed Jessica
   765 | D:2      | Killed Jessica
   803 | D:2      | Found a sacrificial altar of Ru.
   854 | D:2      | Reached ** piety under Trog
   856 | D:2      | Reached XP level 4. HP: 18/28 MP: 5/5
  1630 | D:3      | Gained mutation: You can fly. [Tengu growth]
  1630 | D:3      | Reached XP level 5. HP: 33/33 MP: 6/6
  2006 | D:3      | Found an iron altar of Okawaru.
  2006 | D:3      | Found a sparkling altar of Nemelex Xobeh.
  2376 | D:4      | Found a staircase to the Ecumenical Temple.
  2446 | D:4      | Noticed Menkaure
  2461 | D:4      | Mangled by Menkaure

Vault maps used:
D:1:      dpeg_arrival_solitude, grunt_decor_fettered,
          minmay_misc_feat_diagonals
D:2:      nicolae_ru_path_of_blood, serial_glass, glass_columns_a,
          glass_columns_a, glass_columns_c, glass_columns_c, glass_columns_a,
          glass_columns_a, uniq_jessica
D:3:      gammafunk_temple_overflow_wave, first_bread
D:4:      nicolae_overflow_hidden_temple, kennysheep_generic_room_16,
          uniq_menkaure

Skill      XL: |  1  2  3  4  5 |
---------------+----------------+-----
Long Blades    | 4 |  4.9
Dodging        | 3 |  3.4
Fighting       | 4 |  4.0
Armour         | |  2.9
Stealth        | |  0.9

Action                   |  1- 3 |  4- 6 || total
-------------------------+-------+-------++-------
Melee: Falchion          |    56 |   100 ||   156
       Kick              |    18 |    31 ||    49
       Peck              |     9 |    14 ||    23
Invok: Burn Spellbooks   |       |     1 ||     1
       Trog's Hand       |       |     1 ||     1
  Use: Scroll            |     1 |     6 ||     7
       Potion            |       |     7 ||     7
 Stab: Sleeping          |     1 |     1 ||     2
  Eat: Chunk             |       |     5 ||     5
Armor: Animal skin       |     2 |       ||     2
       Leather armour    |     4 |    11 ||    15
Dodge: Dodged            |    24 |    44 ||    68
